 Dungeon Crawl Stone Soup version 0.31-a0-174-g85c54bcb58 (webtiles) character file.

Game seed: 6693490188120698477

286 DavidChitty2 the Chopper (level 6, 0/82 HPs)
             Began as a Minotaur Fighter on June 15, 2023.
             Succumbed to an orc wizard's poison
             ... on level 3 of the Dungeon.
             The game lasted 00:03:46 (2402 turns).

DavidChitty2 the Chopper (Minotaur Fighter)         Turns: 2402, Time: 00:03:46

Health: 0/82       AC: 14    Str: 20 (22) XL:     6   Next: 8%
Magic:  5/5        EV:  5    Int:  4 (5)  God:
Gold:   54         SH:  4    Dex:  7 (10) Spells: 5/5 levels left

rFire   + . .        a - +0 war axe
rCold   . . .        c - +0 buckler
rNeg    . . .        f - +0 plate armour
rPois   .            (helmet restricted)
rElec   .            (no cloak)
rCorr   .            o - +0 pair of gloves
SInv    .            l - +0 pair of boots
Will    .....        (no amulet) Stlth
                     i - ring of protection from fire
HPRegen 0.33/turn    (no ring)
MPRegen 0.09/turn

%: no passive effects
@: berserking, lethally poisoned (0 -> -11), very quick
A: horns 2, retaliatory headbutt
a: no special abilities


You were on level 3 of the Dungeon.
You visited 1 branch of the dungeon, and saw 3 of its levels.

You collected 54 gold pieces.

Inventory:

Hand Weapons
 a - a +0 war axe (weapon)
 b - a +0 hand axe of flaming
   (You took it off an orc on level 3 of the Dungeon)
Missiles
 n - a throwing net {!f}
Armour
 c - a +0 buckler (worn)
 f - a +0 plate armour (worn)
   (You found it on level 1 of the Dungeon)
 l - a +0 pair of boots (worn)
   (You found it on level 2 of the Dungeon)
 o - a +0 pair of gloves (worn)
   (You found it on level 3 of the Dungeon)
Jewellery
 i - a ring of protection from fire (left hand)
   (You found it on level 2 of the Dungeon)
Scrolls
 e - a scroll of enchant armour {unknown}
 j - 4 scrolls of identify {unknown}
 m - a scroll of immolation {unknown}
Potions
 d - a potion of might
 g - a potion of mutation {unknown}


   Skills:
 + Level 4.9 Fighting
 * Level 5.2 Axes
 + Level 4.8 Armour
 + Level 4.9 Shields


You had 5 spell levels left.
You didn't know any spells.
Your spell library contained the following spells:

 Spells                   Type           Power      Damage    Failure   Level
 Summon Small Mammal      Summ           0%         N/A       100%        1
 Call Canine Familiar     Summ           0%         N/A       100%        3
 Summon Guardian Golem    Hex/Summ       0%         N/A       100%        3


Dungeon Overview and Level Annotations

Branches:
Dungeon (3/15)

Altars:

Shops:
D:2 [(


Innate Abilities, Weirdness & Mutations

You have a pair of horns on your head.
You reflexively headbutt those who attack you in melee.


Message History

The orc wizard completely misses you.
You hear some strange, mumbled words.
You are more confused.
The orc wizard hits you but does no damage.
Something hits you but does no damage.
You are more poisoned.
You hit something.
You hit the orc wizard but do no damage.
You feel very sick. The orc wizard barely misses you.
Something hits you but does no damage.
You are more poisoned.
Unknown command.
You barely miss something. You miss the orc wizard.
* * * LOW HITPOINT WARNING * * *
You feel extremely sick.
The orc wizard hits you with a +3 dagger of protection.
* * * LOW HITPOINT WARNING * * *
Something hits you but does no damage.
You miss something. You barely miss the orc wizard.
You feel very sick.
The orc wizard hits you with a +3 dagger of protection.
* * * LOW HITPOINT WARNING * * *
Something hits you but does no damage.
You feel very sick.
The orc wizard points at you and mumbles some strange words.
You resist with some effort.
You hear some strange, mumbled words.
Something tries to affect you, but you resist.
Things that are here:
a +0 dagger; a +0 ring mail; an orc corpse Unknown command.
Something hits you.
* * * LOW HITPOINT WARNING * * *
You are lethally poisoned!
You feel less confused.
* * * LOW HITPOINT WARNING * * *
You feel very sick.
A magic dart appears from out of thin air!
The magic dart hits you.
* * * LOW HITPOINT WARNING * * *
It was a potion of degeneration.
There was something very wrong with that liquid.
You feel weakened.
You feel dopey.
You feel clumsy.
* * * LOW HITPOINT WARNING * * *
You feel very sick.
It was a potion of berserk rage.
A red film seems to cover your vision as you go berserk!
You feel yourself moving faster!
You feel mighty!
You die...

#......# #รท# ....##
######.###.# .#..## #..##.#
..... ##[...# ...# ####.. #..#
########). #..# ##.........
#######{.####..######..
#####.....@o......#..# #..
...#.######.######>.# #.#
#.#.######..#####..####.#
#.[.......<..........##.#
##..#........<..........#
##..#................##..#
###..##.....................
###...###.....................
##.......#......<..)).....#..##


You could see an orc wizard.

Vanquished Creatures
  2 hounds
  An orc priest (D:3)
  Jessica (D:3)
  2 orc wizards (D:3)
  4 adders
  A gnoll (D:1)
  A worm (D:2)
  3 dart slugs
  9 orcs (D:3)
  7 ball pythons
  5 endoplasms
  2 giant cockroaches (D:2)
  8 goblins
  3 hobgoblins
  3 quokkas
  6 bats
  A frilled lizard (D:1)
  8 kobolds
  3 rats
70 creatures vanquished.

Notes
Turn   | Place    | Note
-------+----------+-------------------------------------------
     0 | D:1      | DavidChitty2 the Minotaur Fighter began the quest for the
                  | Orb.
     0 | D:1      | Reached XP level 1. HP: 19/19 MP: 0/0
   126 | D:1      | Reached XP level 2. HP: 27/27 MP: 1/1
   213 | D:1      | Reached skill level 3 in Axes
   515 | D:1      | Reached XP level 3. HP: 33/33 MP: 2/2
   940 | D:2      | Found Jazinwimudd's Antique Armour Emporium.
   945 | D:2      | Reached XP level 4. HP: 36/40 MP: 3/3
  1335 | D:2      | Reached skill level 4 in Axes
  1382 | D:2      | Found Mosiew's Weapon Emporium.
  1638 | D:2      | Found a faded altar of an unknown god.
  1948 | D:3      | Reached XP level 5. HP: 29/47 MP: 4/4
  2210 | D:3      | Noticed Jessica
  2225 | D:3      | Killed Jessica
  2226 | D:3      | Reached skill level 5 in Axes
  2392 | D:3      | Reached XP level 6. HP: 47/55 MP: 5/5
  2401 | D:3      | HP: 2/55 [poisoned by an orc wizard]
  2402 | D:3      | Succumbed to an orc wizard's poison

Illustrated notes

Levels and vault maps discovered:
D:1:      roderic_dead_forest, layout_basic
D:2:      layout_loops_corners, serial_shops,
          nicolae_shop_competitors_out_of_business, shop,
          ebering_ecumenical_altar_hall
D:3:      layout_rooms, uniq_jessica

Skill      XL: |  1  2  3  4  5 |
---------------+----------------+-----
Axes           | 3 4 5 |  5.2
Fighting       | 4 |  4.9
Shields        | 4 |  4.9
Armour         | 4 |  4.8

Action                     |  1- 3 |  4- 6 || total
---------------------------+-------+-------++-------
  Melee: War axe           |    67 |    92 ||   159
         Headbutt          |     6 |    17 ||    23
    Use: Potion            |       |     3 ||     3
 Armour: Scale mail        |     4 |       ||     4
         Plate armour      |    58 |    71 ||   129
  Dodge: Dodged            |    11 |    31 ||    42
  Block: Buckler           |    18 |    23 ||    41

Table legend: (Time is in decaauts)
 A = Elapsed time spent in this place.
 B = Non-inter-level travel time spent in this place.
 C = Inter-level travel time spent in this place.
 D = Time resting spent in this place.
 E = Time spent auto-exploring this place.
 F = Levels seen in this place.
 G = Mean time per level.
                   A        B        C        D        E       F      G
               +--------+--------+--------+--------+--------+-----+--------+
         Total |   2454 |   2320 |    134 |      0 |   1848 |   3 |  818.0 |
       Dungeon |   2454 |   2320 |    134 |      0 |   1848 |   3 |  818.0 |
               +--------+--------+--------+--------+--------+-----+--------+

Top non-repeatable levels by time:
     D:1: 934 daAuts
     D:2: 927 daAuts
     D:3: 592 daAuts
